 Dungeon Crawl Stone Soup version 0.29.0-4-gdea44cf6ec (webtiles) character file.

Game seed: 9431158807116652417

1 qw the Sneak (level 1, -2/14 HPs)
             Began as a Gargoyle Delver on Sept 10, 2022.
             Slain by an ice beast (14 damage)
             ... on level 5 of the Dungeon.
             The game lasted 00:00:07 (361 turns).

qw the Sneak (Gargoyle Delver)                       Turns: 361, Time: 00:00:08

Health: -2/14      AC:  5    Str: 15    XL:     1   Next: 20%
Magic:  1/1        EV: 11    Int: 10    God:
Gold:   23         SH:  0    Dex: 11    Spells: 0/0 levels left

rFire   . . .      SeeInvis .   a - +0 hand axe
rCold   . . .      Faith    .   (no shield)
rNeg    + . .      Spirit   .   b - +0 leather armour
rPois   inf        Reflect  .   (no helmet)
rElec   +          Harm     .   (no cloak)
rCorr   .          Rampage  .   (no gloves)
Will    .....                   (no boots)
Stlth   +++.......              (no amulet)
HPRegen 0.04/turn               (no ring)
MPRegen 0.07/turn               (no ring)

@: no status effects
A: sickness immunity, AC +2, negative energy resistance 1, electricity
resistance, torment resistance 1, petrification resistance
a: no special abilities


You were on level 5 of the Dungeon.
You visited 2 branches of the dungeon, and saw 2 of its levels.

You collected 23 gold pieces.


Innate Abilities, Weirdness & Mutations

You are immune to sickness and miasma.
Your stone body is resilient. (AC +2)
You are immune to poison.
You resist negative energy. (rN+)
You are resistant to electric shocks. (rElec)
You are resistant to unholy torment.
You are immune to petrification.


   Skills:
 - Level 3.2 Fighting
 + Level 1.9 Axes
 - Level 1.5 Dodging
 - Level 5.4 Stealth


You couldn't memorise any spells.
You didn't know any spells.
Your spell library was empty.

Inventory:

Hand Weapons
 a - a +0 hand axe (weapon)
Armour
 b - a +0 leather armour (worn)
 e - a +0 helmet
Wands
 g - a wand of digging (3)
Scrolls
 c - a scroll of poison {unknown}
Potions
 d - 2 potions of brilliance {unknown}
 f - a potion of haste
 h - a potion of curing {unknown}

Dungeon Overview and Level Annotations

Branches:
Dungeon (5/15)             Temple (1/1) D:5

Altars:
Ashenzari
Elyvilon
Fedhas
Hepliaklqana
Makhleb
Ru
Sif Muna
Trog
Uskayaw
Vehumet
Yredelemnul


Message History

Found an escape hatch in the ceiling.
e - a +0 helmet A quokka comes into view.
You miss the quokka. The quokka barely misses you.
You barely miss the quokka. The quokka barely misses you. The quokka bites you.
You hit the quokka.
The quokka is lightly wounded.
The quokka barely misses you.
You hit the quokka but do no damage.
The quokka is lightly wounded.
The quokka barely misses you.
The quokka bites you but does no damage.
You completely miss the quokka.
The quokka is lightly wounded.
The quokka misses you.
You hit the quokka.
The quokka is heavily wounded.
The quokka barely misses you. x2
You hit the quokka but do no damage.
The quokka is heavily wounded.
The quokka bites you.
You barely miss the quokka.
The quokka is heavily wounded.
The quokka closely misses you.
The quokka bites you but does no damage.
You hit the quokka.
You kill the quokka!
You start resting.
HP restored.
Found a leather armour.
Found an escape hatch in the floor.
An ice beast comes into view.
Enter note: You barely miss the ice beast.
The ice beast hits you but does no damage.
You hit the ice beast but do no damage. The ice beast hits you.
The ice beast freezes you!
Ouch! That really hurt!
You die...

#........ .
#......... ..
#.......... ...
#..........#
.$..###..........#
...!..#..>.....[.#
#...............#
#?Y@.........#
###..........#
###........#
##.........#
.######...#.....##
.........######.#
........## #
##......# ###
#......# ##.#


You could see an ice beast.

Vanquished Creatures
  A quokka (D:5)
1 creature vanquished.

Notes
Turn   | Place    | Note
-------+----------+-------------------------------------------
     0 | D:5      | qw the Gargoyle Delver began the quest for the Orb.
     0 | D:5      | Reached XP level 1. HP: 14/14 MP: 1/1
     0 | D:5      | 0 ||| qw: Version: 0.1-a-117-gfe26ee0
     0 | D:5      | 0 ||| qw: Game counter: 9732
     0 | D:5      | 0 ||| qw: Always use a shield: true
     0 | D:5      | 0 ||| qw: God list: Okawaru
     0 | D:5      | 0 ||| qw: Allow faded altars: false
     0 | D:5      | 0 ||| qw: Do Orc after D:15 true
     0 | D:5      | 0 ||| qw: Do second Lair branch before Depths: true
     0 | D:5      | 0 ||| qw: Lair rune preference: random
     0 | D:5      | 0 ||| qw: Plans: Normal
     0 | D:5      | 0 ||| PLANNING D:1-11
    17 | D:5      | Found a staircase to the Ecumenical Temple.
    18 | D:5      | 18 ||| PLANNING TEMPLE
    18 | D:5      | 18 ||| DROPPING scroll of fog.
    19 | D:5      | 19 ||| DROPPING scroll of magic mapping.
    20 | D:5      | 20 ||| DROPPING scroll of fear.
    29 | Temple   | Entered the Ecumenical Temple
   190 | Temple   | 190 ||| PLANNING D:1-11
   354 | D:5      | Noticed an ice beast
   361 | D:5      | Slain by an ice beast

Levels and vault maps discovered:
D:5:      layout_layer_cave, tso_metal_star, kennysheep_little_box,
          mainiacjoe_overflow_catwalk_spiral, minmay_temple_entry_offerings,
          corexii_leaking_fountain, uniq_eustachio
Temple:   bh_familiar_temple

Action                   || total
-------------------------++-------
Melee: Hand axe          ||    11
Armor: Leather armour    ||     3
Dodge: Dodged            ||     8

Table legend:
 A = Non-vault XP
 B = Vault XP
 C = Vault XP percentage of total XP
 D = Non-vault monster count
 E = Vault monster count
 F = Vault count percentage of total count
                 A         B        C        D         E       F
            +---------+---------+-------+---------+---------+-------
      Total |       2 |       0 |   0.0 |       1 |       0 |   0.0
            +---------+---------+-------+---------+---------+-------
        D:5 |       2 |       0 |   0.0 |       1 |       0 |   0.0
            +---------+---------+-------+---------+---------+-------
